 Dungeon Crawl Stone Soup version 0.29.1-12-g30fa7ad0bf (webtiles) character file.

Game seed: 2876586807693394353

36913 Peloso the Fencer (level 13, -11/122 HPs)
             Began as a Minotaur Fighter on Jan 17, 2023.
             Was a High Priest of Okawaru.
             Mangled by an ettin
             ... wielding a +0 dire flail
              (26 damage)
             ... on level 1 of the Orcish Mines.
             The game lasted 00:38:56 (15328 turns).

Peloso the Fencer (Minotaur Fighter)               Turns: 15328, Time: 00:38:57

Health: -11/122    AC: 28    Str: 29    XL:     13   Next: 55%
Magic:  14/15      EV: 12    Int:  5    God:    Okawaru [*****.]
Gold:   1408       SH:  8    Dex: 13    Spells: 12/12 levels left

rFire   . . .      SeeInvis .   a - +2 falchion (holy)
rCold   + . .      Faith    .   d - +0 buckler {AC+3}
rNeg    . . .      Spirit   .   L - +0 plate armour
rPois   .          Reflect  .   e - +2 hat
rElec   .          Harm     .   (no cloak)
rCorr   .          Rampage  .   s - +3 pair of gauntlets of War {Slay+5}
Will    .....                   (no boots)
Stlth   ..........              j - amulet of regeneration
HPRegen 1.10/turn               O - +6 ring of strength
MPRegen 0.14/turn               J - ring of protection from cold

@: heroic
A: horns 2, retaliatory headbutt
a: Renounce Religion, Heroism, Finesse, Duel


You were on level 1 of the Orcish Mines.
You worshipped Okawaru.
Okawaru was extremely pleased with you.
You visited 4 branches of the dungeon, and saw 18 of its levels.

You collected 1495 gold pieces.
You spent 87 gold pieces at shops.

Inventory:

Hand Weapons
 a - a +2 falchion of holy wrath (weapon)
 b - a +2 spear of flaming
 c - a +0 short sword of electrocution
Missiles
 D - 3 throwing nets (quivered)
Armour
 d - a +0 buckler of protection (worn)
 e - a +2 hat (worn)
 s - the +3 pair of gauntlets of War (worn) {Slay+5}
   (You acquired it on level 11 of the Dungeon)

   Slay:      It affects your accuracy & damage with ranged weapons and melee
   (+5).
 L - a +0 plate armour (worn)
Jewellery
 j - an amulet of regeneration (around neck)
 u - a ring of flight
 G - an amulet of magic regeneration
 I - a ring of magical power
 J - a ring of protection from cold (right hand)
 N - a ring of ice
 O - a +6 ring of strength (left hand)
 Q - a ring of willpower
Wands
 q - a wand of paralysis (7)
 x - a wand of iceblast (30)
 K - a wand of mindburst (4)
 M - a wand of polymorph (6)
Scrolls
 g - a scroll of poison
 h - 12 scrolls of teleportation
 i - 2 scrolls of amnesia
 k - a scroll of fear
 o - 2 scrolls of immolation
 r - 5 scrolls of blinking
 v - a scroll of enchant weapon
 y - 2 scrolls of magic mapping
 z - a scroll of fog
 P - a scroll of enchant armour
 T - a scroll of identify
Potions
 f - 3 potions of haste
 l - a potion of ambrosia
 m - 5 potions of flight
 n - 6 potions of brilliance
 p - 6 potions of curing
 t - a potion of experience
 w - 6 potions of mutation
 A - 6 potions of heal wounds
 B - 3 potions of might
 C - 3 potions of magic
 E - 2 potions of degeneration {unknown}
 F - 4 potions of attraction {unknown}
 H - a potion of invisibility
 S - a potion of berserk rage {unknown}
Miscellaneous
 R - a box of beasts


   Skills:
 + Level 13.1(18.1) Fighting
 + Level 15.4(20.4) Long Blades
 + Level 2.1(7.1) Polearms
 + Level 15.0(20.0) Armour
 + Level 5.2(10.2) Dodging
 + Level 2.9(7.9) Stealth
 + Level 10.9(15.9) Shields
 + Level 4.1 Invocations
 + Level 0.9 Evocations


You had 12 spell levels left.
You didn't know any spells.
Your spell library contained the following spells:

 Spells                   Type           Power      Damage    Failure   Level
 Apportation              Tloc           0%         N/A       95%         1
 Beastly Appendage        Tmut           0%         N/A       95%         1
 Necrotise                Necr           0%         1d4       95%         1
 Static Discharge         Conj/Air       0%         3-3/arc   98%         2
 Wereblood                Tmut           0%         N/A       98%         2
 Conjure Flame            Conj/Fire      0%         6-21      100%        3
 Ignite Poison            Fire/Tmut/Pois 0%         N/A       100%        3
 Portal Projectile        Hex/Tloc       0%         N/A       100%        3
 Spider Form              Tmut/Pois      0%         N/A       100%        3
 Dispel Undead            Necr           0%         3d6       100%        4
 Hailstorm                Conj/Ice       0%         3d3       100%        4
 Ice Form                 Ice/Tmut       0%         N/A       100%        4
 Sticky Flame             Conj/Fire      0%         2d3       100%        4
 Blade Hands              Tmut           0%         N/A       100%        5
 Summon Small Mammal      Summ           Unusable   N/A       N/A         1
 Tukima's Dance           Hex            Unusable   N/A       N/A         3
 Simulacrum               Ice/Necr       Unusable   N/A       N/A         6

Dungeon Overview and Level Annotations

Branches:
Dungeon (12/15)            Temple (1/1) D:4            Lair (3/5) D:11
  Swamp (0/4) Lair:2        Snake (0/4) Lair:3          Orc (2/2) D:10
    Elf: Orc:2

Altars:
Cheibriados
Dithmenos
Elyvilon
Gozag
Hepliaklqana
Nemelex Xobeh
Okawaru
Ru
Sif Muna
Trog
Vehumet
Wu Jian
Xom
Yredelemnul
Zin

Shops:
D:3 !   D:7 *   D:8 *   Orc:2 :

Annotations:
D:8 1 transporter


Innate Abilities, Weirdness & Mutations

You have a pair of horns on your head.
You reflexively headbutt those who attack you in melee.


Message History

The cyclops throws a large rock.
The large rock hits you!
You gain the combat prowess of a mighty hero.
The cyclops throws a large rock.
The large rock barely misses you.
The ettin hits you with a +0 dire flail.
You block the ettin's attack.
You climb upwards.
There is a stone staircase leading down here.
Unknown command.
You slash the ettin!
The ettin is lightly wounded.
You hit the ettin but do no damage. You headbutt the ettin.
The ettin is moderately wounded.
The ettin hits you with a +0 dire flail!
The ettin hits you with a +1 vorpal dire flail!
You hit the ettin.
The ettin is moderately wounded.
You slash the ettin! You headbutt the ettin.
The ettin is heavily wounded.
The ettin hits you with a +0 dire flail!!
You block the ettin's attack.
You slash the ettin!
The ettin is heavily wounded.
The ettin hits you but does no damage.
The ettin hits you with a +1 vorpal dire flail!!
You hit the ettin but do no damage.
The ettin is heavily wounded.
You hit the ettin but do no damage.
The ettin is heavily wounded.
The ettin hits you with a +0 dire flail!!!
* * * LOW HITPOINT WARNING * * *
The ettin misses you.
You completely miss the ettin.
The ettin is heavily wounded.
You hit the ettin.
The ettin is heavily wounded.
You block the ettin's attack. The ettin barely misses you.
You slash the ettin!
The ettin is severely wounded.
The ettin hits you with a +0 dire flail!!
You die...

##....#.......#...#.# #.....'.
#....##......####...## ##....#.
#....###....#####....# ##..8.#.
#.....#.#....##......#####.....#.
###...........##....###.###....#.
#............#...####.........#.
##.......##.....####........#.#.
##.......##.....C.##...#....#..#.
#............[..@..##.###....#.##
......###...รท).#.......###..####
#....#####..[[..##....## ####
##....##.....#.....#.##
.......#.....##....###
...................#
.#........###.....## ###....####
##...## ###...#.###..###


You could see an ettin.

Vanquished Creatures
  Gastronok (D:11)
  Harold (Lair:2)
  3 catoblepae
  A boulder beetle (Lair:3)
  5 hydras
  A centaur warrior (D:12)
  A death yak (Lair:3)
  A two-headed ogre (D:11)
  2 orc high priests (Orc:1)
  The ghost of tabbu the Tainter, a novice OpVM of Vehumet (D:8)
  A lindwurm (Lair:3)
  2 manticores (D:11)
  2 black mambas (Lair:3)
  An elephant (Lair:3)
  6 cane toads
  A gargoyle (D:12)
  2 rime drakes (Lair:2)
  Maggie (D:8)
  A kobold demonologist (D:9)
  5 komodo dragons
  5 trolls
  A polar bear (Lair:2)
  3 hornets (D:8)
  6 slime creatures
  A dream sheep (Lair:3)
  7 wraiths
  2 spriggans (Lair:2)
  3 wyverns (D:9)
  2 shadows
  32 yaks
  5 basilisks
  A vampire (D:10)
  3 humans (D:6)
  A steam dragon (D:9)
  2 wargs (Orc:1)
  3 swamp worms (Lair:2)
  9 water moccasins
  2 acid dragons (D:11)
  8 orc warriors
  3 sky beasts
  An ice beast (D:5)
  4 black bears
  6 ogres
  5 boggarts (D:12)
  13 wolves
  A centaur (D:9)
  2 phantoms
  3 kobold brigands
  A gnoll sergeant (D:8)
  5 bullfrogs
  2 necrophages
  4 scorpions
  5 wights (D:9)
  14 killer bees
  A howler monkey (D:12)
  5 electric eels
  A hound (D:6)
  14 orc priests
  2 gnoll boudas
  12 hell rats (Lair:3)
  11 orc wizards
  5 adders
  8 gnolls (D:8)
  An ufetubus (D:4)
  4 worms
  2 dart slugs
  78 orcs
  7 endoplasms
  3 giant cockroaches
  A goblin (D:1)
  9 hobgoblins
  4 quokkas
  6 ball pythons
  4 bats
  4 frilled lizards
  22 kobolds
  8 rats
416 creatures vanquished.

Vanquished Creatures (others)
  An orc wizard (D:3)
  An adder (D:4)
  3 fungi
  A plant (Lair:1)
6 creatures vanquished.

Grand Total: 422 creatures vanquished

Notes
Turn   | Place    | Note
-------+----------+-------------------------------------------
     0 | D:1      | Peloso the Minotaur Fighter began the quest for the Orb.
     0 | D:1      | Reached XP level 1. HP: 19/19 MP: 0/0
   280 | D:1      | Reached XP level 2. HP: 12/27 MP: 1/1
   500 | D:1      | Found a faded altar of an unknown god.
  1155 | D:2      | Reached XP level 3. HP: 33/33 MP: 2/2
  1576 | D:3      | Reached skill level 1 in Dodging
  1591 | D:3      | Found a snail-covered altar of Cheibriados.
  1635 | D:3      | Reached XP level 4. HP: 36/40 MP: 3/3
  1786 | D:3      | Found a bloodstained altar of Trog.
  1991 | D:3      | Reached XP level 5. HP: 38/46 MP: 4/4
  2061 | D:3      | Found Fateuxt's Distillery.
  2068 | D:3      | Bought a potion of curing for 33 gold pieces
  2389 | D:4      | Noticed an ogre
  2529 | D:4      | Noticed a black bear
  2539 | D:4      | Killed a black bear
  2540 | D:4      | Reached skill level 5 in Long Blades
  2565 | D:4      | Noticed an ogre
  2571 | D:4      | Noticed a phantom
  2572 | D:4      | Killed an ogre
  2573 | D:4      | Reached skill level 5 in Armour
  2573 | D:4      | Reached XP level 6. HP: 42/53 MP: 5/5
  2703 | D:4      | Found a staircase to the Ecumenical Temple.
  2713 | Temple   | Entered the Ecumenical Temple
  2727 | Temple   | Became a worshipper of Warmaster Okawaru
  2836 | D:4      | Reached skill level 5 in Fighting
  2836 | D:4      | Reached XP level 7. HP: 28/61 MP: 6/6
  3037 | D:5      | Entered Level 5 of the Dungeon
  3143 | D:5      | Reached * piety under Okawaru
  3607 | D:5      | Reached XP level 8. HP: 69/70 MP: 4/7
  3838 | D:6      | Reached skill level 1 in Stealth
  3838 | D:6      | Reached skill level 5 in Shields
  3860 | D:6      | Reached ** piety under Okawaru
  4292 | D:6      | Reached XP level 9. HP: 77/78 MP: 5/8
  4520 | D:6      | Found an opulent altar of Gozag.
  4552 | D:6      | Found a radiant altar of Vehumet.
  4891 | D:7      | Reached skill level 1 in Invocations
  5261 | D:7      | Found Ynil's General Store.
  5563 | D:8      | Found a transporter.
  5596 | D:8      | Found Ischolies's Assorted Antiques.
  5599 | D:8      | Bought a grey potion for 27 gold pieces
  5599 | D:8      | Bought a silvery potion for 27 gold pieces
  5638 | D:8      | Noticed Maggie
  5663 | D:8      | Killed Maggie
  5876 | D:8      | Paralysed by a hornet for 2 turns
  5970 | D:8      | Reached *** piety under Okawaru
  5975 | D:8      | Reached skill level 10 in Long Blades
  6149 | D:8      | Found a transporter.
  6187 | D:8      | Reached XP level 10. HP: 88/88 MP: 8/10
  6264 | D:8      | Paralysed by a hornet for 2 turns
  6423 | D:8      | Found a runed translucent gate.
  6424 | D:8      | Found a runed translucent gate.
  6425 | D:8      | Found a runed translucent gate.
  6436 | D:8      | Noticed tabbu's ghost (novice OpVM)
  6637 | D:9      | Reached skill level 10 in Armour
  6753 | D:9      | Reached **** piety under Okawaru
  7176 | D:9      | Found a hazy altar of Hepliaklqana.
  7420 | D:9      | Received a gift from Okawaru
  7697 | D:10     | Entered Level 10 of the Dungeon
  8152 | D:10     | Reached XP level 11. HP: 95/97 MP: 12/12
  8390 | D:10     | Found a staircase to the Orcish Mines.
  9036 | D:11     | Found a staircase to the Lair.
  9198 | D:11     | Noticed a two-headed ogre
  9206 | D:11     | Killed a two-headed ogre
  9206 | D:11     | Reached ***** piety under Okawaru
  9562 | D:11     | Noticed Gastronok
  9574 | D:11     | Killed Gastronok
  9575 | D:11     | Reached skill level 10 in Fighting
  9911 | D:11     | Identified a scroll of acquirement
  9911 | D:11     | Acquired the +3 pair of gauntlets of War {Slay+5}
  9911 | D:11     | Found the +3 pair of gauntlets of War {Slay+5}
  9990 | D:11     | Noticed a four-headed hydra
 10070 | Lair:1   | Entered Level 1 of the Lair of Beasts
 10397 | Lair:1   | Received a gift from Okawaru
 10558 | Lair:1   | Reached XP level 12. HP: 108/108 MP: 13/13
 11008 | Lair:2   | Noticed a five-headed hydra
 11028 | Lair:2   | Killed a five-headed hydra
 11039 | Lair:2   | Noticed Harold
 11052 | Lair:2   | Killed Harold
 11106 | Lair:2   | Noticed a catoblepas
 11118 | Lair:2   | Killed a catoblepas
 11198 | Lair:2   | Noticed a catoblepas
 11212 | Lair:2   | Killed a catoblepas
 11319 | Lair:2   | Noticed a four-headed hydra
 11326 | Lair:2   | Killed a four-headed hydra
 11392 | Lair:2   | Found a staircase to the Swamp.
 11803 | Lair:3   | Noticed a boulder beetle
 11804 | Lair:3   | Found a staircase to the Snake Pit.
 11894 | Lair:3   | Killed a boulder beetle
 11955 | Lair:3   | Reached skill level 5 in Dodging
 12058 | Lair:3   | Noticed an eight-headed hydra
 12066 | Lair:3   | Killed an eight-headed hydra
 12201 | Lair:3   | Reached skill level 1 in Polearms
 12234 | Lair:3   | Reached ****** piety under Okawaru
 12361 | Lair:3   | Noticed a five-headed hydra
 12379 | Lair:3   | Killed a five-headed hydra
 12443 | Lair:3   | Reached XP level 13. HP: 112/118 MP: 15/15
 12501 | Lair:3   | Reached skill level 10 in Shields
 13049 | Orc:1    | Entered Level 1 of the Orcish Mines
 13274 | Orc:1    | Received a gift from Okawaru
 13419 | Orc:1    | Reached skill level 15 in Long Blades
 13762 | D:8      | Killed tabbu's ghost
 14597 | D:12     | Reached skill level 15 in Armour
 14885 | D:12     | Found a bloodstained altar of Trog.
 15016 | D:12     | Received a gift from Okawaru
 15309 | Orc:2    | Entered Level 2 of the Orcish Mines
 15309 | Orc:2    | Noticed an ettin
 15309 | Orc:2    | Found Eragam's Book Shoppe.
 15328 | Orc:1    | Mangled by an ettin

Illustrated notes

Levels and vault maps discovered:
D:1:      dpeg_arrival_radiant, layout_basic, basic_ecumenical_altar,
          hangedman_decor_slide_cut, minmay_misc_feat_cross,
          kennysheep_decorative_pillar
D:2:      wad_pebble_path, layout_rooms, st_stairs_1, nicolae_titane
D:3:      layout_basic, cheibriados_altar_1, marbit_many_paths, serial_shops,
          shop, minmay_unequal
D:4:      layout_basic, lemuel_temple_firewalk_a,
          hangedman_abyss_or_decor_passed
D:5:      layout_rooms, grunt_tough_drop
D:6:      layout_basic, mainiacjoe_overflow_alcove_2, general_overflow_altar,
          minmay_ruffians
D:7:      layout_cave_pools, serial_shops, nicolae_shop_advertising_works
          [nicolae_subvault_shop_adworks]
D:8:      layout_loops_ring, serial_shops, nicolae_shop_behind_doors,
          gammafunk_ghost_spectres, nicolae_diode_stairs, uniq_maggie
D:9:      layout_loops_corners, nicolae_overflow_crystal_walls,
          hellmonk_bongcloud_opening, serial_bayou_crossing
D:10:     layout_grid_maze, hiddenorc2_lemuel
D:11:     layout_basic, erik_lair_dragon, uniq_gastronok
D:12:     layout_loops_ring, tgw_trog
Temple:   nicolae_temple_bog_church
Lair:1:   layout_gridlike, beast_lair_carwin_9
Lair:2:   layout_big_grid, nicolae_swamp_entry_splash_gauntlet,
          forest_entry_grove, grunt_megastairs_4, uniq_harold
Lair:3:   nzn_winding_woodlands_stair_trap [nzn_winding_woodlands_5x15_garden,
          nzn_winding_woodlands_5x15_longhouse,
          nzn_winding_woodlands_5x15_sawtooth,
          nzn_winding_woodlands_15x15_thick_spiral,
          nzn_winding_woodlands_5x15_default, nzn_winding_woodlands_5x15_cabin,
          nzn_winding_woodlands_5x15_eye], layout_loops_ring, dummy_snake_entry,
          lemuel_fruit_tree
Orc:1:    layout_diamond_mine, minmay_orc_temple_c
Orc:2:    grunt_orc_gardens, layout_caves, grunt_orc_garden, grunt_orc_garden,
          grunt_orc_garden, grunt_orc_garden, serial_shops, shop,
          gammafunk_ghost_split, uniq_erolcha

Skill      XL: |  1  2  3  4  5  6  7  8  9 10 11 12 13 |
---------------+----------------------------------------+-----
Long Blades    | 3 4 5 6 7 8 10 12 13 14 15 | 15.4
Armour         | 4 5 7 8 9 11 13 14 15 | 15.0
Fighting       | 4 5 6 7 9 10 12 13 | 13.1
Dodging        | 1 2 3 4 5 |  5.2
Shields        | 4 5 6 7 8 9 10 | 10.9
Stealth        | 1 2 |  2.9
Invocations    | 2 3 4 |  4.1
Polearms       | 1 2 |  2.1
Evocations     | |  0.9

Action                   |  1- 3 |  4- 6 |  7- 9 | 10-12 | 13-15 || total
-------------------------+-------+-------+-------+-------+-------++-------
Melee: Long sword        |   106 |    88 |   368 |   766 |   357 ||  1685
       Headbutt          |    18 |    15 |    77 |   217 |    90 ||   417
       Spear             |       |       |       |    23 |     6 ||    29
       Falchion          |       |       |       |       |    10 ||    10
Invok: Heroism           |       |       |    12 |    29 |    12 ||    53
Evoke: Wand              |       |       |     3 |     4 |       ||     7
  Use: Potion            |     4 |       |       |     2 |       ||     6
       Scroll            |     2 |       |     6 |    13 |       ||    21
 Stab: Paralysed         |       |       |     4 |     4 |       ||     8
Armor: Scale mail        |    53 |    46 |   115 |       |       ||   214
       Chain mail        |       |       |    28 |    57 |       ||    85
       Plate armour      |       |       |       |   355 |   195 ||   550
Dodge: Dodged            |    44 |    45 |   144 |   292 |   152 ||   677
Block: Buckler           |    23 |    20 |    82 |   234 |   106 ||   465
